 Dungeon Crawl Stone Soup version 0.25-a0-743-g84dc20635f (webtiles) character file.

Game seed: 12627661311552127864, levelgen mode: deterministic

3424 Chiseanne the Destroyer (level 9, -8/57 HPs)
             Began as a Demonspawn Wizard on Apr 13, 2020.
             Was a Follower of Vehumet.
             Mangled by Harold
             ... wielding a +0 battleaxe of electrocution
              (26 damage)
             ... on level 8 of the Dungeon.
             The game lasted 00:28:56 (11837 turns).

Chiseanne the Destroyer (Demonspawn Wizard)        Turns: 11837, Time: 00:28:57

Health: -8/57      AC:  4    Str:  8    XL:     9   Next: 76%
Magic:  14/31      EV: 12    Int: 22    God:    Vehumet [*.....]
Gold:   431        SH:  3    Dex: 17    Spells: 10/26 levels left

rFire    . . .     SeeInvis .   A - staff of wizardry
rCold    . . .     Gourm    .   (no shield)
rNeg     . . .     Faith    .   C - +0 troll leather armour
rPois    .         Spirit   .   b - +0 hat
rElec    .         Reflect  +   (no cloak)
rCorr    .         Harm     .   (no gloves)
MR       .....                  (no boots)
Stlth    ++........             o - +3 amulet of reflection
HPRegen  0.59/turn              j - +5 ring of dexterity
MPRegen  0.22/turn              n - ring of magical power

@: marked, frozen ramparts, very slightly contaminated
A: hooves 2, powered by death 1, powered by pain 2
a: Renounce Religion


You were on level 8 of the Dungeon.
You worshipped Vehumet.
Vehumet was aware of your devotion.
You were not hungry.

You visited 1 branch of the dungeon, and saw 8 of its levels.

You collected 431 gold pieces.

Inventory:

Hand Weapons
 a - a +5 hand axe of freezing
 s - a +1 hand axe of venom
Missiles
 e - 256 stones (quivered)
 l - 5 throwing nets
 p - 92 sling bullets
 q - 138 arrows
 v - 24 bolts
 B - 5 boomerangs
 D - 5 silver boomerangs
 F - 2 poisoned darts
Armour
 b - a +0 hat (worn)
 c - a +1 robe of positive energy
 C - a +0 troll leather armour (worn)
Magical Staves
 A - an uncursed staff of wizardry (weapon)
Jewellery
 j - a +5 ring of dexterity (left hand)
 n - a ring of magical power (right hand)
 o - a +3 amulet of reflection (around neck)
 t - an uncursed ring of positive energy
 y - an uncursed ring of protection from fire
Wands
 h - a wand of digging (5)
 r - a wand of enslavement (8)
 E - a wand of paralysis (6)
Scrolls
 g - 7 scrolls of remove curse
 w - 2 scrolls of identify
Potions
 f - a potion of heal wounds {unknown}
 i - 3 potions of curing
 k - 2 potions of lignification
 m - a potion of cancellation
 u - 3 potions of brilliance
 x - 2 potions of flight
 z - a potion of haste
Comestibles
 d - 23 rations


   Skills:
 * Level 2.3 Armour
 - Level 1.7 Dodging
 - Level 1.7 Stealth
 * Level 9.4 Spellcasting
 * Level 9.7 Conjurations
   Level 1.0 Summonings
 - Level 0.8 Translocations


You had 10 spell levels left.
You knew the following spells:

 Your Spells              Type           Power        Failure   Level  Hunger
a - Magic Dart            Conj           ####         1%          1    None
b - Blink                 Tloc           N/A          4%          2    None
c - Hailstorm             Conj/Ice       ####....     4%          4    ##.....
d - Mephitic Cloud        Conj/Pois/Air  ###.....     2%          3    None
e - Frozen Ramparts       Ice            ##....       11%         3    None
f - Ozocubu's Armour      Chrm/Ice       ##......     11%         3    None

Your spell library contained the following spells:

 Spells                   Type           Power        Failure   Level  Hunger
 Foxfire                  Conj/Fire      ####         1%          1    None
 Conjure Flame            Conj/Fire      ####....     1%          3    None
 Freeze                   Ice            ##..         3%          1    None
 Call Imp                 Summ           ##......     3%          2    None
 Slow                     Hex            ##......     6%          2    None
 Summon Ice Beast         Ice/Summ       ##......     28%         4    ##.....


Dungeon Overview and Level Annotations

Branches:
Dungeon (8/15)             Temple (0/1) D:6            Lair (0/6) D:8

Altars:
Hepliaklqana
Okawaru
Sif Muna
Trog
Uskayaw
Vehumet
Xom

Annotations:
D:8 Harold


Innate Abilities, Weirdness & Mutations

You have hoof-like feet.
You regenerate a little health from kills.
You sometimes gain power by taking damage.


Message History

Casting: Hailstorm (safe; 4% risk of failure)
Confirm with . or Enter, or press ? or * to list all spells.
A cannonade of hail descends around you!
The wall freezes Harold.
Harold zaps a wand.
The burst of metal fragments misses you. x2
The burst of metal fragments hits you!
The burst of metal fragments hits you. x2
The burst of metal fragments misses you.
The burst of metal fragments hits you! x2
* * * LOW HITPOINT WARNING * * *
The burst of metal fragments misses you.
Casting: Hailstorm (safe; 4% risk of failure)
Confirm with . or Enter, or press ? or * to list all spells.
A cannonade of hail descends around you!
The frozen ramparts melt away.
Harold barely misses you.
Casting: Hailstorm (safe; 4% risk of failure)
Confirm with . or Enter, or press ? or * to list all spells.
The walls around you are covered in ice.
The wall freezes Harold.
Harold hits you with a +0 battleaxe of electrocution!!
You die...

..............#
...............
...........#
...........#
.......#'###
########.# #.# #@#
#@#
################.#
................(#
##################


You could see Harold.

Vanquished Creatures
  A troll (D:8)
  A hippogriff (D:7)
  Sigmund (D:5)
  Eustachio (D:6)
  Edmund (D:5)
  An orc warrior (D:6)
  2 sky beasts
  4 ogres
  3 centaurs
  3 wolves (D:8)
  A big kobold (D:8)
  5 bullfrogs
  3 scorpions
  2 electric eels (D:8)
  A bullfrog zombie (D:5)
  2 crimson imps
  5 hounds (D:8)
  A centaur skeleton (D:6)
  3 jellies
  An orc wizard (D:7)
  2 bullfrog skeletons (D:5)
  Jessica (D:1)
  Natasha (thrice) (D:3)
  A hound skeleton (D:7)
  14 gnolls
  A howler monkey skeleton (D:6)
  4 adders
  2 oozes
  An adder skeleton (D:4)
  5 worms
  A dart slug (D:3)
  2 leopard geckos
  14 orcs
  6 bats
  3 giant cockroaches
  9 goblins
  9 hobgoblins
  14 jackals
  5 quokkas
  3 ball pythons
  4 frilled lizards
  A jackal skeleton (D:4)
  13 kobolds
  A leopard gecko zombie (D:5)
  2 rats (D:2)
  A butterfly (D:6)
164 creatures vanquished.

Vanquished Creatures (others)
  An electric eel (D:8)
1 creature vanquished.

Grand Total: 165 creatures vanquished

Notes
Turn   | Place    | Note
-------+----------+-------------------------------------------
     0 | D:1      | Chiseanne the Demonspawn Wizard began the quest for the
                  | Orb.
     0 | D:1      | Reached XP level 1. HP: 13/13 MP: 4/4
   307 | D:1      | Gained mutation: You have large cloven feet. [demonic
                  | ancestry]
   307 | D:1      | Reached XP level 2. HP: 19/19 MP: 0/6
  1192 | D:2      | Noticed Jessica
  1205 | D:1      | Killed Jessica
  1205 | D:1      | Gained mutation: You regenerate a little health from kills.
                  | [demonic ancestry]
  1205 | D:1      | Reached XP level 3. HP: 16/24 MP: 4/8
  1299 | D:1      | Learned a level 2 spell: Blink
  1303 | D:1      | Learned a level 3 spell: Mephitic Cloud
  1420 | D:2      | Found a faded altar of an unknown god.
  1420 | D:2      | Found a faded altar of an unknown god.
  1440 | D:2      | Found a bloodstained altar of Trog.
  1442 | D:2      | Found a shimmering altar of Xom.
  1443 | D:2      | Found an iron altar of Okawaru.
  1929 | D:2      | Reached XP level 4. HP: 30/30 MP: 2/9
  2655 | D:2      | Gained mutation: You sometimes gain a little power by
                  | taking damage. [demonic ancestry]
  2655 | D:2      | Reached XP level 5. HP: 24/35 MP: 1/11
  3286 | D:3      | Found a hide-covered altar of Uskayaw.
  3682 | D:3      | Noticed Natasha
  3690 | D:3      | Killed Natasha
  3787 | D:3      | Noticed Natasha
  3811 | D:3      | Killed Natasha
  3814 | D:3      | Noticed Natasha
  3834 | D:3      | Killed Natasha
  3834 | D:3      | Gained mutation: You have hoof-like feet. [demonic
                  | ancestry]
  3834 | D:3      | Reached XP level 6. HP: 21/41 MP: 11/13
  4308 | D:3      | Reached skill level 5 in Spellcasting
  4697 | D:4      | Found a shimmering blue altar of Sif Muna.
  4698 | D:4      | Found a radiant altar of Vehumet.
  4704 | D:4      | Became a worshipper of Vehumet
  4941 | D:4      | Reached skill level 5 in Conjurations
  5258 | D:5      | Entered Level 5 of the Dungeon
  5283 | D:4      | Gained mutation: You sometimes gain power by taking damage.
                  | [demonic ancestry]
  5283 | D:4      | Reached XP level 7. HP: 39/46 MP: 1/15
  6185 | D:5      | Noticed Sigmund
  6202 | D:5      | Killed Sigmund
  6244 | D:5      | Noticed Edmund
  6260 | D:5      | Killed Edmund
  6260 | D:5      | Reached XP level 8. HP: 52/52 MP: 10/18
  7873 | D:6      | Found a staircase to the Ecumenical Temple.
  8183 | D:6      | Noticed Eustachio
  8205 | D:6      | Killed Eustachio
  8498 | D:7      | Noticed a hippogriff
  8513 | D:7      | Killed a hippogriff
  8544 | D:7      | Reached * piety under Vehumet
  8544 | D:7      | Offered knowledge of Freeze by Vehumet.
  8663 | D:7      | Reached XP level 9. HP: 57/57 MP: 21/21
  8848 | D:7      | Found a hazy altar of Hepliaklqana.
  9742 | D:8      | Learned a level 4 spell: Hailstorm
  9746 | D:8      | Learned a level 3 spell: Frozen Ramparts
  9750 | D:8      | Learned a level 3 spell: Ozocubu's Armour
 10191 | D:8      | Noticed a troll
 10265 | D:8      | Killed a troll
 10736 | D:8      | Reached skill level 1 in Armour
 10994 | D:8      | Offered knowledge of Foxfire by Vehumet.
 11539 | D:8      | Found a staircase to the Lair.
 11814 | D:8      | Noticed Harold
 11837 | D:8      | Mangled by Harold

Levels and vault maps discovered:
D:1:      lightli_arrival_maybe_door_vault, layout_loops_corners
D:2:      layout_basic, chequers_temple_overflow_minitemple, uniq_jessica
D:3:      layout_loops_cross, lemuel_altar_in_water, uniq_natasha
D:4:      layout_rooms, gammafunk_temple_overflow_pools, dk_noncrumbling_2
D:5:      layout_basic, first_ration, sigmund_edmund_badplayer
D:6:      layout_cave_pools, minmay_temple_entry_butterflies,
          chequers_arboretum, minmay_misc_feat_iff, uniq_eustachio
D:7:      layout_gridville, lemuel_round_altar
D:8:      layout_basic, erik_lair_island, grunt_pizzeria, uniq_harold

Skill      XL: |  1  2  3  4  5  6  7  8  9 |
---------------+----------------------------+-----
Conjurations   | 2 3 4 5 6 8 9 |  9.7
Spellcasting   | 4 5 6 8 9 |  9.4
Armour         | 2 |  2.3
Dodging        | |  1.7
Stealth        | |  1.7
Summonings     | |  1.0
Translocations | |  0.8

Action                   |  1- 3 |  4- 6 |  7- 9 || total
-------------------------+-------+-------+-------++-------
Melee: Dagger            |     7 |       |       ||     7
       Short sword       |    28 |    45 |       ||    73
       Kick              |     9 |    26 |    37 ||    72
       Hand axe          |       |    22 |   115 ||   137
 Cast: Magic Dart        |    65 |   140 |   267 ||   472
       Mephitic Cloud    |     3 |    16 |    29 ||    48
       Blink             |       |     8 |    16 ||    24
       Ozocubu's Armour  |       |       |    13 ||    13
       Hailstorm         |       |       |    12 ||    12
       Frozen Ramparts   |       |       |    10 ||    10
Evoke: Wand              |       |       |     1 ||     1
  Use: Scroll            |     2 |     7 |    10 ||    19
       Potion            |       |       |     2 ||     2
 Stab: Confused          |     2 |     4 |     9 ||    15
       Sleeping          |       |     1 |     1 ||     2
  Eat: Chunk             |     3 |    10 |    19 ||    32
       Ration            |       |       |     1 ||     1
Armor: Robe              |    26 |    13 |    22 ||    61
       Troll leather arm |       |       |     2 ||     2
Dodge: Dodged            |    58 |    56 |   134 ||   248
Block: Other             |       |     2 |    29 ||    31
       Reflection        |       |       |     2 ||     2

Table legend:
 A = Non-vault XP
 B = Vault XP
 C = Vault XP percentage of total XP
 D = Non-vault monster count
 E = Vault monster count
 F = Vault count percentage of total count
                 A         B        C        D         E       F
            +---------+---------+-------+---------+---------+-------
      Total |    3375 |    1517 |  31.0 |     150 |      14 |   8.5
            +---------+---------+-------+---------+---------+-------
        D:1 |      24 |      37 |  60.7 |      13 |       1 |   7.1
        D:2 |     170 |       0 |   0.0 |      39 |       0 |   0.0
        D:3 |     138 |      37 |  21.1 |      25 |       1 |   3.8
        D:4 |     376 |       0 |   0.0 |      10 |       0 |   0.0
        D:5 |     569 |     374 |  39.7 |      21 |       2 |   8.7
        D:6 |     337 |     202 |  37.5 |       8 |       1 |  11.1
        D:7 |     951 |       0 |   0.0 |      16 |       0 |   0.0
        D:8 |     810 |     867 |  51.7 |      18 |       9 |  33.3
            +---------+---------+-------+---------+---------+-------
